 Dungeon Crawl Stone Soup version 0.29.1-12-g30fa7ad0bf (webtiles) character file.

Game seed: 12973517685432514212

65 FexLirch the Digger (level 3, -3/26 HPs)
             Began as a Demigod Earth Elementalist on Dec 26, 2022.
             Slain by Terence
             ... wielding a +0 short sword
              (5 damage)
             ... on level 3 of the Dungeon.
             The game lasted 00:02:30 (2425 turns).

FexLirch the Digger (Demigod Earth Elementalist)    Turns: 2425, Time: 00:02:31

Health: -3/26      AC:  4    Str:  9    XL:     3   Next: 66%
Magic:  0/8        EV: 12    Int: 21    God:
Gold:   120        SH:  0    Dex: 14    Spells: 4/5 levels left

rFire   . . .      SeeInvis .   d - +0 mace
rCold   . . .      Faith    .   (no shield)
rNeg    . . .      Spirit   .   a - +0 robe
rPois   .          Reflect  .   (no helmet)
rElec   .          Harm     .   q - scarf {+Inv}
rCorr   .          Rampage  .   e - +1 pair of gloves
Will    .....                   (no boots)
Stlth   ++........              (no amulet)
HPRegen 0.08/turn               (no ring)
MPRegen 0.11/turn               (no ring)

@: about to teleport, very slightly contaminated
A: high MP 1, forlorn, divine attributes
a: Evoke Invisibility


You were on level 3 of the Dungeon.
You visited 1 branch of the dungeon, and saw 3 of its levels.

You collected 153 gold pieces.
You spent 33 gold pieces at shops.

Inventory:

Hand Weapons
 d - a +0 mace (weapon)
Armour
 a - a +0 robe (worn)
 e - a +1 pair of gloves (worn)
 q - a scarf of invisibility (worn)
Jewellery
 f - a ring of see invisible
Wands
 s - a wand of roots (6)
Scrolls
 g - a scroll of teleportation
 h - 4 scrolls of blinking {unknown}
 i - 2 scrolls of identify {unknown}
 j - a scroll of butterflies {unknown}
 k - a scroll of enchant armour {unknown}
 l - 2 scrolls of fear {unknown}
 p - a scroll of immolation {unknown}
 t - a scroll of enchant weapon {unknown}
Potions
 b - a potion of magic
 c - 5 potions of curing {unknown}
 m - 2 potions of resistance {unknown}
 n - a potion of ambrosia {unknown}
 o - 2 potions of might {unknown}
 r - a potion of brilliance {unknown}


   Skills:
 - Level 1.7 Dodging
 - Level 1.7 Stealth
 - Level 1.7 Spellcasting
 - Level 0.8 Transmutations
 + Level 4.4 Earth Magic


You had 4 spell levels left.
You knew the following spells:

 Your Spells              Type           Power      Damage    Failure   Level
a - Sandblast             Erth           40%        2d10      2%          1

Your spell library contained the following spells:

 Spells                   Type           Power      Damage    Failure   Level
 Passwall                 Tmut/Erth      10%        N/A       8%          2
 Stone Arrow              Conj/Erth      22%        3d8       19%         3
 Frozen Ramparts          Ice            2%         1d1       41%         3
 Petrify                  Tmut/Erth      12%        N/A       45%         4
 Ice Form                 Ice/Tmut       3%         N/A       77%         4
 Summon Ice Beast         Ice/Summ       1%         N/A       83%         4


Dungeon Overview and Level Annotations

Branches:
Dungeon (3/15)

Shops:
D:1 ?   D:3 [

Annotations:
D:3 Terence


Innate Abilities, Weirdness & Mutations

You have an increased reservoir of magic. (+10% MP)
You shall have no god before yourself.
Your divine heritage dramatically boosts your attributes as you level up.


Message History

The blast of sand hits Terence but does no damage.
Terence is lightly wounded.
Terence hits you with a +0 short sword. Terence misses you.
The blast of sand hits Terence but does no damage.
Terence is lightly wounded.
Terence hits you with a +0 short sword.
The blast of sand hits Terence.
Terence is lightly wounded.
Terence hits you with a +0 short sword. x2
You are too injured to fight recklessly!
You are too injured to fight recklessly!
You are too injured to fight recklessly!
Casting: Sandblast (safe; 2% risk of failure)
Confirm with . or Enter, or press ? or * to list all spells.
Aiming: Sandblast (safe; 2% risk of failure)
Press: ? - help, Shift-Dir - straight line, f/p - Terence
Aim: Terence, wielding a +0 short sword and wearing a +0 chain mail (lightly wounded, 87% to hit)
You miscast Sandblast.
You are very lightly contaminated with residual magic.
Nothing appears to happen.
Terence hits you with a +0 short sword.
Casting: Sandblast (safe; 2% risk of failure)
Confirm with . or Enter, or press ? or * to list all spells.
Aiming: Sandblast (safe; 2% risk of failure)
Press: ? - help, Shift-Dir - straight line, f/p - Terence
Aim: Terence, wielding a +0 short sword and wearing a +0 chain mail (lightly wounded, 87% to hit)
The blast of sand hits Terence but does no damage.
Terence is lightly wounded.
Terence hits you with a +0 short sword.
* * * LOW HITPOINT WARNING * * *
Casting: Sandblast (safe; 2% risk of failure)
Confirm with . or Enter, or press ? or * to list all spells.
Aiming: Sandblast (safe; 2% risk of failure)
Press: ? - help, Shift-Dir - straight line, f/p - Terence
Aim: Terence, wielding a +0 short sword and wearing a +0 chain mail (lightly wounded, 87% to hit)
The blast of sand misses Terence.
Terence completely misses you. Terence hits you with a +0 short sword.
* * * LOW HITPOINT WARNING * * *
As you read the scroll of teleportation, it crumbles to dust.
You feel strangely unstable. Terence hits you with a +0 short sword.
You die...

#.. ##.# #..# #.##
##.# ##+#####..##
#........... #### #
##.####.###. #@@###.
#....>....
#.##.##.###.#######.
#_ ##.##.#..# #
##†##.#.# #.
##..##.# #. ####..#
#. ..# #. ...# ####.
...# #....


You could see Terence.

Vanquished Creatures
  An adder (D:2)
  A worm (D:2)
  4 ball pythons
  9 endoplasms
  4 giant cockroaches
  4 goblins
  5 hobgoblins
  3 quokkas
  5 bats
  2 frilled lizards
  5 kobolds
  3 rats
46 creatures vanquished.

Notes
Turn   | Place    | Note
-------+----------+-------------------------------------------
     0 | D:1      | FexLirch the Demigod Earth Elementalist began the quest for
                  | the Orb.
     0 | D:1      | Reached XP level 1. HP: 14/14 MP: 5/5
   140 | D:1      | Reached skill level 3 in Earth Magic
   387 | D:1      | Reached XP level 2. HP: 20/20 MP: 4/7
   499 | D:1      | Found Hunuos Zeusch's Magic Scroll Shop.
   520 | D:1      | Bought a scroll of teleportation for 33 gold pieces
  1156 | D:2      | Reached XP level 3. HP: 26/26 MP: 5/8
  1288 | D:2      | Reached skill level 4 in Earth Magic
  1893 | D:3      | Found Baderiar's Armour Emporium.
  2415 | D:3      | Noticed Terence
  2425 | D:3      | Slain by Terence

Illustrated notes

Levels and vault maps discovered:
D:1:      erik_arrival_triangle_medium, layout_basic, serial_shops, shop,
          shapermc_ecumenical_altar_mp_vishouse, minmay_pentomino_t4
D:2:      layout_loops_ring
D:3:      layout_basic, marbit_many_paths, serial_shops, shop, uniq_terence

Skill      XL: |  1  2  3 |
---------------+----------+-----
Earth Magic    | 3 4 |  4.4
Dodging        | |  1.7
Stealth        | |  1.7
Spellcasting   | |  1.7
Transmutations | |  0.8

Action                   || total
-------------------------++-------
Melee: Mace              ||    12
 Cast: Sandblast         ||    65
  Use: Scroll            ||     1
Armor: Robe              ||     9
Dodge: Dodged            ||    26
